 Dungeon Crawl Stone Soup version 0.30-a0-422-g946f4849ff (webtiles) character file.

Game seed: 8737563391796501993

4586 retardedninja the Cleaver (level 10, -2/92 HPs)
             Began as a Hill Orc Fighter on Dec 8, 2022.
             Was an Initiate of Gozag.
             Slain by a two-headed ogre
             ... wielding a +0 giant club
              (9 damage)
             ... on level 7 of the Dungeon.
             The game lasted 00:14:30 (12296 turns).

retardedninja the Cleaver (Hill Orc Fighter)       Turns: 12296, Time: 00:14:31

Health: -2/92      AC: 15    Str: 24    XL:     10   Next: 41%
Magic:  0/10       EV:  7    Int:  8    God:    Gozag
Gold:   106        SH:  6    Dex: 16    Spells: 9/9 levels left

rFire   + . .      SeeInvis .    a - +3 war axe
rCold   + . .      Faith    .    c - +0 buckler
rNeg    . . .      Spirit   +    h - +0 plate armour
rPois   +          Reflect  .    x - +1 hat
rElec   +          Harm     .    (no cloak)
rCorr   +          Rampage  .    (no gloves)
Will    .....                    (no boots)
Stlth   ..........               s - amulet of guardian spirit
HPRegen 0.35/turn                b - +6 ring of dexterity
MPRegen 0.12/turn                (no ring)

@: mighty, brilliant, resistant, gold aura, flying
A: no striking features
a: Renounce Religion, Potion Petition, Call Merchant, Bribe Branch


You were on level 7 of the Dungeon.
You worshipped Gozag.
Gozag was aware of your devotion.
You visited 2 branches of the dungeon, and saw 10 of its levels.

You collected 661 gold pieces.
You paid 555 gold pieces to Gozag.

Inventory:

Hand Weapons
 a - a +3 war axe (weapon)
Armour
 c - a +0 buckler (worn)
 h - a +0 plate armour (worn)
 x - a +1 hat (worn)
Jewellery
 b - a +6 ring of dexterity (left hand)
 s - an amulet of guardian spirit (around neck)
Scrolls
 e - a scroll of torment
 l - a scroll of teleportation
 v - a scroll of noise
Potions
 d - a potion of mutation
 g - 2 potions of cancellation
 i - 3 potions of degeneration
 m - 2 potions of flight
 t - a potion of ambrosia


   Skills:
 + Level 9.7 Fighting
 + Level 10.2 Axes
 + Level 8.9 Armour
 + Level 8.9 Shields


You had 9 spell levels left.
You didn't know any spells.
Your spell library contained the following spells:

 Spells                   Type           Power      Damage    Failure   Level
 Sandblast                Erth           0%         2d4       100%        1
 Blink                    Tloc           0%         N/A       100%        2
 Momentum Strike          Conj/Tloc      0%         3d8       100%        2
 Passwall                 Tmut/Erth      0%         N/A       100%        2
 Lesser Beckoning         Tloc           0%         N/A       100%        3
 Stone Arrow              Conj/Erth      0%         3d7       100%        3
 Anguish                  Hex/Necr       0%         N/A       100%        4
 Animate Armour           Summ/Erth      0%         N/A       100%        4
 Enfeeble                 Hex            0%         N/A       100%        7
 Lehudib's Crystal Spear  Conj/Erth      0%         10d2      100%        8


Dungeon Overview and Level Annotations

Branches:
Dungeon (9/15)             Temple (1/1) D:7
   Lair: D:8-11         Orc: D:9-12

Altars:
Ashenzari
Cheibriados
Dithmenos
Elyvilon
Fedhas
Gozag
Kikubaaqudgha
Makhleb
Nemelex Xobeh
Okawaru
Qazlal
Ru
Sif Muna
Trog
Uskayaw
Vehumet
Wu Jian
Xom
Yredelemnul
Zin
The Shining One
Beogh

Shops:
D:4 =

Annotations:
D:4 3 runed translucent doors, DeathPants's ghost, weakling DsRe
D:7 4 runed translucent doors, Applejack244's ghost, novice MiMo; Crazy Yiuf
D:8 1 transporter


Message History

The orc wizard mumbles some strange words.
The orc wizard flickers and vanishes!
Deactivating autopickup; reactivate with Ctrl-A.
The wight hits you with a +2 vorpal hand axe.
You barely miss the two-headed ogre.
The two-headed ogre is lightly wounded.
You slash the orc!
You kill the orc!
You hit the wight. The wight hits you but does no damage.
The two-headed ogre hits you with a +0 giant club.
The two-headed ogre hits you with a +0 giant club!
You slash the two-headed ogre!
The two-headed ogre is heavily wounded.
You hit the wight but do no damage. You block the wight's attack.
You block the two-headed ogre's attack.
The two-headed ogre hits you with a +0 giant club.
You barely miss the two-headed ogre.
The two-headed ogre is heavily wounded.
You miss something. You closely miss the wight. The wight barely misses you.
You hear some strange, mumbled words.
A magic dart appears from out of thin air!
The magic dart hits you.
You slash the two-headed ogre!
The two-headed ogre is severely wounded.
You slash something! You slash the wight!
You destroy the wight!
Something hits you.
The two-headed ogre hits you with a +0 giant club!!
* * * LOW HITPOINT WARNING * * *
The two-headed ogre closely misses you.
You slash the two-headed ogre!
The two-headed ogre is almost dead.
You slash something!
Reactivating autopickup.
You feel a bit more experienced.
The two-headed ogre hits you with a +0 giant club!
* * * LOW HITPOINT WARNING * * *
The two-headed ogre hits you with a +0 giant club!
You die...
Your body crumbles into a pile of gold.

#...........................
#.......###.#.###.......###)
#.......[...#......#....#...
#......)÷##.##..........#...
#.......###.##............(.
#......÷# #.##..........#.(.
######.......###.#....#.#........
#....#.........#.$...#..#........
#.##....≈~~~~#..@$.....##...#....
#.#####~~[..~~...O...####...#....
#.# #~...§.~.........#######...
#.# #~..°○.~............## #...
..# #~.°☼..~........>##..####..
.## #~~...~~.........###.......
.# ##.~≈~~~..........###...#...
.#####..#.................##.#.##
.#.....###[...........###.##.#.##


You could see a two-headed ogre.

Vanquished Creatures
  A wraith (D:7)
  A yak (D:7)
  2 shadows
  A steam dragon (D:6)
  An acid dragon (D:7)
  2 water moccasins
  3 black bears (D:5)
  4 sky beasts
  3 orc warriors
  3 ice beasts
  5 ogres
  2 kobold brigands
  3 necrophages
  3 bullfrogs (D:7)
  4 scorpions
  A wight (D:7)
  3 killer bees (D:7)
  4 howler monkeys
  3 hounds
  6 jellies
  5 orc priests
  5 iguanas
  2 orc wizards (D:7)
  2 gnolls
  6 adders
  4 white imps
  An ufetubus (D:3)
  2 worms
  4 dart slugs
  18 orcs
  18 endoplasms
  3 giant cockroaches
  4 goblins
  7 hobgoblins
  3 jackals (D:3)
  20 kobolds
  7 quokkas
  6 ball pythons
  11 bats
  5 frilled lizards
  5 rats
193 creatures vanquished.

Vanquished Creatures (others)
  A centaur (D:7)
  A gnoll (D:6)
  An ufetubus (D:7)
  An orc (D:7)
  3 fungi (D:2)
  11 toadstools (D:2)
18 creatures vanquished.

Grand Total: 211 creatures vanquished

Notes
Turn   | Place    | Note
-------+----------+-------------------------------------------
     0 | D:1      | retardedninja the Hill Orc Fighter began the quest for the
                  | Orb.
     0 | D:1      | Reached XP level 1. HP: 19/19 MP: 1/1
    85 | D:1      | Reached skill level 3 in Axes
    85 | D:1      | Reached XP level 2. HP: 14/27 MP: 2/2
   381 | D:1      | Reached XP level 3. HP: 33/33 MP: 3/3
  1178 | D:2      | Reached XP level 4. HP: 25/40 MP: 4/4
  1651 | D:2      | Reached skill level 4 in Axes
  1787 | D:2      | Reached XP level 5. HP: 47/47 MP: 5/5
  1801 | D:2      | Found a faded altar of an unknown god.
  2014 | D:2      | Reached XP level 6. HP: 18/55 MP: 6/6
  2550 | D:3      | Reached skill level 5 in Fighting
  2963 | D:4      | Reached skill level 5 in Axes
  3425 | D:4      | Found a runed translucent gate.
  3425 | D:4      | Noticed DeathPants's ghost (weakling DsRe)
  3426 | D:4      | Found a runed translucent gate.
  3426 | D:4      | Identified the +11 mace "Kakoleke" {vorpal, Str+4}
  3427 | D:4      | Found a runed translucent gate.
  3571 | D:4      | Found Usti's Jewellery Emporium.
  3597 | D:4      | Reached skill level 5 in Armour
  3597 | D:4      | Reached skill level 5 in Shields
  3737 | D:4      | Reached XP level 7. HP: 34/61 MP: 7/7
  4134 | D:4      | Found a roughly hewn altar of Beogh.
  4137 | D:4      | Identified the +1 leather armour "Ciosk" {Slay+2}
  4175 | D:5      | Entered Level 5 of the Dungeon
  5197 | D:5      | Reached skill level 6 in Axes
  5505 | D:5      | Reached XP level 8. HP: 61/71 MP: 8/8
  6051 | D:5      | Noticed a shadow
  6073 | D:4      | Killed a shadow
  6074 | D:4      | Reached skill level 7 in Axes
  6258 | D:5      | Found a bloodstained altar of Trog.
  8011 | D:5      | Reached XP level 9. HP: 66/79 MP: 6/9
  8259 | D:6      | Reached skill level 8 in Axes
  9104 | D:6      | Found a basalt altar of Yredelemnul.
  9369 | D:6      | Found a shimmering blue altar of Sif Muna.
  9589 | D:7      | Found a runed translucent gate.
  9589 | D:7      | Found a runed translucent gate.
  9589 | D:7      | Found an opulent altar of Gozag.
  9589 | D:7      | Found a runed translucent gate.
  9593 | D:7      | Noticed a manticore
  9594 | D:7      | Noticed Applejack244's ghost (novice MiMo)
  9658 | D:7      | Reached skill level 9 in Axes
 10193 | D:7      | Reached XP level 10. HP: 54/91 MP: 5/10
 10632 | D:7      | Found a shimmering altar of Xom.
 10815 | D:7      | Found a staircase to the Ecumenical Temple.
 10860 | Temple   | Entered the Ecumenical Temple
 10944 | Temple   | Became a worshipper of Gozag Ym Sagoz the Greedy
 10979 | D:7      | Identified the +6 hammer "Buompikih" {vorpal, Int+7 Dex+4}
 10996 | D:7      | Found a runed translucent door.
 10997 | D:7      | Noticed Crazy Yiuf
 11126 | D:7      | Found an ancient bone altar of Kikubaaqudgha.
 11127 | D:7      | You fall into a shaft and drop 2 floors!
 11133 | D:8      | Found a transporter.
 11149 | D:8      | Reached skill level 10 in Axes
 11921 | D:8      | Noticed a two-headed ogre
 12296 | D:7      | Slain by a two-headed ogre

Illustrated notes

Levels and vault maps discovered:
D:1:      lightli_arrival_quake, layout_basic, minmay_octomino_e4
D:2:      cheibrodos_fertilizer, layout_basic,
          shapermc_ecumenical_altar_mp_urbaneastern, minmay_misc_feat_hallway
D:3:      layout_rooms
D:4:      layout_loops_ring, biasface_ghost_orc_armoury, serial_shops,
          nicolae_shop_hallway_plus
D:5:      minmay_spotlight, layout_basic, trog_ov_bears_minmay, grunt_decor_cap,
          kennysheep_opposing_triangles
D:6:      layout_loops_ring, mainiacjoe_overflow_alcove_2, led_sif_pool
D:7:      layout_rooms, xom_confusion_cloud, mainiacjoe_overflow_24_doors,
          minmay_temple_entry_junction, ebering_ghost_gozag,
          uniq_crazy_yiuf_cottage
D:8:      layout_rooms, nzn_hepliaklqana_mist_gate, nzn_ghost_randoct,
          minmay_misc_feat_chi, kennysheep_minor_cross,
          nicolae_looking_at_the_future
D:9:      layout_rooms
Temple:   nicolae_temple_superstar

Skill      XL: |  1  2  3  4  5  6  7  8  9 10 |
---------------+-------------------------------+-----
Axes           | 3 4 5 6 7 9 10 | 10.2
Fighting       | 4 5 6 7 9 |  9.7
Armour         | 4 5 7 8 |  8.9
Shields        | 4 5 6 8 |  8.9

Action                   |  1- 3 |  4- 6 |  7- 9 | 10-12 || total
-------------------------+-------+-------+-------+-------++-------
Melee: War axe           |   118 |   176 |   272 |    85 ||   651
Invok: Potion Petition   |       |       |       |     1 ||     1
  Use: Potion            |       |     5 |    11 |     4 ||    20
       Scroll            |       |     6 |     3 |    10 ||    19
 Stab: Distracted        |       |       |       |     1 ||     1
Armor: Scale mail        |    29 |       |       |       ||    29
       Chain mail        |    36 |   116 |   160 |    43 ||   355
       Plate armour      |       |       |       |     7 ||     7
Dodge: Dodged            |    56 |    67 |    84 |    31 ||   238
Block: Buckler           |    15 |    43 |    77 |    29 ||   164

Table legend: (Time is in decaauts)
 A = Elapsed time spent in this place.
 B = Non-inter-level travel time spent in this place.
 C = Inter-level travel time spent in this place.
 D = Time resting spent in this place.
 E = Time spent auto-exploring this place.
 F = Levels seen in this place.
 G = Mean time per level.
                   A        B        C        D        E       F      G
               +--------+--------+--------+--------+--------+-----+--------+
         Total |  12412 |  12126 |    286 |   5612 |   4865 |  10 | 1241.2 |
       Dungeon |  12316 |  12041 |    275 |   5612 |   4800 |   9 | 1368.4 |
        Temple |     96 |     85 |     11 |      0 |     65 |   1 |   96.0 |
               +--------+--------+--------+--------+--------+-----+--------+

Top non-repeatable levels by time:
     D:5: 2767 daAuts
     D:4: 2488 daAuts
     D:6: 2087 daAuts
     D:7: 1776 daAuts
     D:2: 1497 daAuts
     D:1: 1042 daAuts
     D:3: 455 daAuts
     D:8: 198 daAuts
  Temple: 96 daAuts
     D:9: 4 daAuts
